cohdb
Replays
Latest Replays
All Replays
Popular Replays
Top Player Replays
Match Explorer
How It Works
Community
CoH3 Stats
Reddit
Sign in to upload your games and track your stats! →
Sign in with Steam
Match 46100566
Unlisted
Match 46100566
Overview
Messages
Build Orders
End
Panzergrenadier Squad
250 Light Carrier
Selects Panzerjäger Kommand Battlegroup
Selects Mine Fields
Panzergrenadier Squad
Construct Light Support Kompanie
Combat Half-tracks
Fire Support Elements
Selects GrB 39 Grenade Launcher Requisition
Flakvierling Half-track
2.5-tonne Medical Truck
Panzerpioneer Squad
Pak 38 Mechanized Group
Construct Panzerarmee Kommand
Panzer III L Medium Tank
Panzer III L Medium Tank
Vehicle Survival Package
Panzer III L Medium Tank
Selects Defensive Positions
Selects Butterfly Bomb Drop
Emergency Repair Kits
Tungsten Core Ammunition
Selects Crew Shock Tactics
Flakvierling Half-track
Armored Reserves
StickyJuice
NotKing
jaymanning26
Soulkung
MillenniumKnight
Phil
DireRadiant
Sauceram
0
0
Comments
sign in to comment!
No comments posted yet!